 Dungeon Crawl Stone Soup version 0.28.0-53-g5a82cb258f (webtiles) character file.

Game seed: 10647003714549016910

5 MiltankisOP the Sneak (level 1, -1/11 HPs)
             Began as a Vine Stalker Brigand on June 19, 2022.
             Slain by a quokka (2 damage)
             ... on level 1 of the Dungeon.
             The game lasted 00:01:04 (615 turns).

MiltankisOP the Sneak (Vine Stalker Brigand)         Turns: 615, Time: 00:01:04

Health: -1/11      AC:  3    Str: 13    XL:     1   Next: 80%
Magic:  0/2        EV: 11    Int: 11    God:
Gold:   42         SH:  0    Dex: 15    Spells: 0/0 levels left

rFire   . . .      SeeInvis .   a - +2 dagger
rCold   . . .      Faith    .   (no shield)
rNeg    . . .      Spirit   +   b - +0 robe
rPois   .          Reflect  .   (no helmet)
rElec   .          Harm     .   c - +0 cloak
rCorr   .          Rampage  .   (no gloves)
Will    .....                   (no boots)
Stlth   +++.......              (no amulet)
HPRegen 0.03/turn               (no ring)
MPRegen 0.08/turn               (no ring)

@: no status effects
A: fangs 2, magic shield, antimagic bite, no potion heal 2
a: no special abilities


You were on level 1 of the Dungeon.
You visited 1 branch of the dungeon, and saw 1 of its levels.

You collected 42 gold pieces.

Inventory:

Hand Weapons
 a - a +2 dagger (weapon)
Missiles
 d - 8 poisoned darts (quivered)
 e - 2 curare-tipped darts
Armour
 b - a +0 robe (worn)
 c - a +0 cloak (worn)
 h - an orb of mayhem
Scrolls
 f - a scroll of torment {unknown}
 g - a scroll of enchant armour {unknown}


   Skills:
 - Level 1.8 Fighting
 + Level 2.0 Short Blades
 - Level 1.8 Throwing
 - Level 0.9 Dodging
 - Level 4.9 Stealth


You couldn't memorise any spells.
You didn't know any spells.
Your spell library was empty.

Dungeon Overview and Level Annotations

Branches:
Dungeon (1/15)

Altars:


Innate Abilities, Weirdness & Mutations

You have extremely sharp teeth.
When hurt, damage is shared between your health and your magic reserves.
Your bite disrupts and absorbs the magic of your enemies.
Potions cannot restore your health.


Message History

You closely miss the rat. The rat bites you.
You hit the rat.
You kill the rat!
Your Short Blades skill increases to level 2!
No target in view!
No target in view!
No target in view!
No target in view!
A quokka comes into view.
A quokka is nearby!
A bat comes into view.
The quokka bites you. The bat closely misses you. The quokka bites you.
You hit the quokka but do no damage. Your bite misses the quokka.
The bat hits you but does no damage. The quokka bites you.
You are too injured to fight recklessly!
You are too injured to fight recklessly!
You are too injured to fight recklessly!
You are too injured to fight recklessly!
You are too injured to fight recklessly!
You are too injured to fight recklessly!
You are too injured to fight recklessly!
You are too injured to fight recklessly!
You are too injured to fight recklessly!
You are too injured to fight recklessly!
There are monsters nearby!
You are too injured to fight recklessly!
The bat barely misses you. The bat closely misses you.
The bat hits you but does no damage. The bat closely misses you.
The quokka bites you. The bat closely misses you.
You see here a scroll labelled AXUVAE PIUF.
The quokka closely misses you.
You miss the quokka. Your bite misses the quokka. The quokka bites you.
* * * LOW HITPOINT WARNING * * *
You hit the quokka.
The quokka is heavily wounded.
The quokka bites you.
You die...

...............#
..#..#..#..#...#
...............#
. #..#..#..#...#
..........b.?.#
##############.#
.....#.###.# #b#
...... ....# #r#
..... #..# #@#
#.... ##..#####.#
... #........)#
#.#####...#######
##.#.......#
#.........##
#.........#####
#.##.#.........
#.##.#.........


You could see a quokka and a bat.

Vanquished Creatures
  A bat (D:1)
  A goblin (D:1)
  A hobgoblin (D:1)
  A frilled lizard (D:1)
  A rat (D:1)
5 creatures vanquished.

Notes
Turn   | Place    | Note
-------+----------+-------------------------------------------
     0 | D:1      | MiltankisOP the Vine Stalker Brigand began the quest for
                  | the Orb.
     0 | D:1      | Reached XP level 1. HP: 11/11 MP: 2/2
   615 | D:1      | Slain by a quokka

Illustrated notes

Levels and vault maps discovered:
D:1:      psy_arrival_conway, layout_loops_ring, minmay_misc_feat_four_crosses,
          moated_statue, columned_hall_lemuel

Skill      XL: |  1 |
---------------+----+-----
Short Blades   | 2 |  2.0
Fighting       | |  1.8
Throwing       | |  1.8
Dodging        | |  0.9
Stealth        | |  4.9

Action                   || total
-------------------------++-------
Melee: Dagger            ||    15
       Bite              ||     2
Armor: Robe              ||     4
Dodge: Dodged            ||    15
